Map: Pillars of Gold LE

Players

SpeCial - Winner!

  • Race: Terran Terran
  • Spawn Location: 1:00

Cham

  • Race: Zerg Zerg
  • League: Grandmaster
  • Spawn Location: 7:00

Event: DreamHack SC2 Masters 2020 Fall

VOD

Have the link to the VOD?

Description

Time

  • Played on: Aug. 30, 2020, 6:32 p.m.
  • Length: 15:19

All games in this series

Show
View Real Time Build Order
Export as new Build Order

SpeCial Terran - Winner!

Build Orders: Reaper Expand, Mech 

Get SALT Encoding   

  12  0:00  SCV  
  13  0:12  SCV  
  14  0:18  Supply Depot  
  14  0:24  SCV  
  15  0:39  SCV  
  15  0:41  Barracks  
  16  0:46  Refinery  
  16  0:51  SCV  
  17  1:04  SCV  
  18  1:16  SCV  
  19  1:28  Orbital Command, Reaper  
  20  1:42  Command Center  
  20  1:52  Supply Depot  
  20  1:54  SCV  
  20  2:00  Marine  
  22  2:07  Factory  
  22  2:10  SCV  
  22  2:15  Refinery  
  23  2:22  SCV, Barracks Reactor  
  24  2:34  SCV  
  25  2:47  SCV  
  26  2:52  Starport  
  26  2:55  Orbital Command  
  26  2:59  SCV  
  29  3:06  Hellion x2  
  29  3:10  Marine  
  29  3:12  SCV  
  33  3:15  Supply Depot  
  33  3:24  SCV x2  
  35  3:30  Barracks Tech Lab  
  35  3:32  Fusion Core  
  35  3:33  Hellion  
  37  3:35  Hellion  
  37  3:38  SCV  
  37  3:40  SCV  
  41  3:43  Supply Depot  
  44  3:58  SCV x2  
  47  4:02  Hellion  
  47  4:03  Hellion  
  47  4:06  Supply Depot  
  47  4:10  SCV x2  
  49  4:21  Battlecruiser  
  55  4:28  SCV x2  
  57  4:34  Command Center  
  57  4:39  Hellion  
  57  4:42  Hellion  
  57  4:45  SCV x2  
  63  4:49  Supply Depot  
  63  4:53  Weapon Refit  
  63  4:57  SCV x2  
  65  5:01  Hellion  
  65  5:03  Hellion  
  69  5:08  Refinery x2  
  69  5:09  SCV  
  69  5:10  SCV  
  69  5:14  Supply Depot  
  71  5:21  SCV  
  71  5:23  Hellion, SCV  
  71  5:25  Hellion  
  77  5:33  SCV  
  78  5:39  Battlecruiser  
  84  5:44  SCV  
  84  5:48  SCV  
  82  5:54  Hellion  
  82  5:57  Orbital Command, SCV  
  78  6:02  Hellion  
  78  6:03  Barracks Tech Lab, Factory  
  76  6:04  Factory  
  76  6:05  SCV  
  77  6:11  SCV  
  78  6:18  Armory  
  78  6:22  Orbital Command, SCV, Supply Depot  
  78  6:23  SCV  
  80  6:28  Hellion x2  
  80  6:30  Barracks Tech Lab  
  84  6:34  SCV  
  84  6:36  SCV  
  86  6:41  Supply Depot  
  86  6:42  Supply Depot  
  86  6:43  Battlecruiser  
  86  6:46  SCV  
  87  6:48  SCV  
  87  6:49  SCV  
  87  6:58  SCV  
  87  7:00  SCV  
  87  7:01  SCV  
  90  7:02  Siege Tank  
  90  7:07  Siege Tank  
  92  7:10  SCV  
  92  7:11  Hellion x2, Supply Depot  
  92  7:12  SCV  
  92  7:13  SCV  
  92  7:14  Refinery x2  
  97  7:18  Terran Vehicle Weapons Level 1  
  97  7:19  Supply Depot  
  98  7:22  SCV  
  98  7:24  SCV  
  98  7:25  SCV  
  100  7:32  Hellion x2  
  100  7:34  SCV  
  100  7:36  SCV  
  106  7:37  Siege Tank  
  106  7:40  Siege Tank  
  112  7:46  SCV  
  113  7:53  SCV  
  113  7:57  Battlecruiser  
  120  7:59  SCV x2  
  120  8:00  Supply Depot  
  120  8:02  Supply Depot  
  126  8:05  Hellion x2  
  126  8:11  Siege Tank  
  129  8:13  Supply Depot  
  129  8:17  Siege Tank  
  132  8:24  Command Center  
  132  8:25  SCV  
  133  8:31  SCV  
  133  8:33  Engineering Bay  
  134  8:36  Hellion x2  
  134  8:38  Orbital Command  
  137  8:43  Siege Tank  
  137  8:47  SCV  
  132  8:49  Siege Tank  
  132  8:54  SCV  
  125  8:57  Hellion x2  
  125  9:00  SCV  
  130  9:08  SCV x2  
  132  9:12  SCV  
  132  9:15  Siege Tank  
  135  9:20  SCV x2  
  135  9:21  Siege Tank  
  135  9:22  Battlecruiser  
  146  9:24  SCV  
  147  9:32  SCV x2  
  147  9:36  Hellion x2, SCV  
  154  9:42  Terran Vehicle And Ship Armor Level 1, Armory  
  154  9:44  SCV  
  155  9:51  SCV  
  156  9:53  Factory  
  156  9:54  Factory  
  156  9:56  Cyclone  
  159  10:03  Cyclone  
  145  10:26  Battlecruiser  
  146  10:29  Mag-Field Accelerator  
  146  10:33  SCV x2  
  144  10:39  Missile Turret x2  
  144  10:41  Missile Turret  
  144  10:48  SCV x2  
  146  10:56  Hellion x2  
  132  10:58  SCV  
  132  11:00  SCV  
  132  11:01  SCV  
  120  11:05  Cyclone x2  
  120  11:10  SCV  
  127  11:12  SCV  
  127  11:13  SCV  
  129  11:22  SCV  
  129  11:25  SCV x2  
  131  11:27  Command Center, Hellion, Factory Tech Lab, Factory Reactor  
  131  11:32  Infernal Pre-Igniter  
  134  11:35  SCV  
  134  11:37  SCV  
  134  11:38  Hellion  
  138  11:45  Battlecruiser  
  144  11:48  Hellion  
  144  11:51  SCV x2  
  144  11:53  Missile Turret  
  148  11:55  Command Center, Missile Turret x2  
  148  11:59  Hellion  
  149  12:10  Hellion  
  151  12:16  Hellion x2, Missile Turret  
  151  12:18  Cyclone x2  
  151  12:19  Cyclone  
  164  12:25  Supply Depot x2  
  164  12:27  Hellion  
  164  12:28  Sensor Tower  
  166  12:31  Hellion  
  166  12:34  SCV  
  163  12:40  Hellion x2  
  167  12:49  Hellion  
  167  12:50  Missile Turret, Cyclone x2  
  175  12:54  SCV x3  
  175  12:57  Battlecruiser  
  184  13:06  SCV  
  168  13:13  Hellion x4  
  168  13:18  Cyclone  
  179  13:27  SCV x2  
  179  13:28  Refinery  
  181  13:34  Refinery  
  181  13:45  Missile Turret  
  181  13:46  Hellion x3  
  181  13:47  Cyclone  
  181  13:48  Missile Turret  
  190  13:55  Planetary Fortress  
  190  14:05  Hellion  
  190  14:06  SCV  
  184  14:19  Hellion x2, Cyclone  
  197  14:25  SCV  
  185  14:32  Barracks  
  185  14:35  SCV  
  186  14:44  Siege Tank x2  
  186  14:45  Hellion x2  
  187  14:47  Command Center, Hellion, SCV  
  185  14:59  SCV  
Show
View Real Time Build Order
Export as new Build Order

Cham Zerg 

Build Orders: Hatch First, Swarm Host 

Get SALT Encoding   

  12  0:01  Drone  
  13  0:09  Drone  
  14  0:18  Overlord  
  14  0:36  Drone x2  
  16  0:50  Hatchery  
  16  0:53  Drone  
  16  0:56  Drone  
  17  1:00  Drone  
  18  1:10  Extractor  
  17  1:15  Spawning Pool  
  16  1:19  Drone  
  16  1:22  Drone  
  18  1:31  Drone  
  19  1:42  Drone  
  20  1:55  Overlord  
  20  2:03  Queen x2  
  20  2:04  Zergling x4  
  26  2:14  Drone, Metabolic Boost  
  27  2:17  Drone  
  28  2:23  Drone x2  
  30  2:32  Spore Crawler  
  30  2:44  Hatchery  
  28  2:48  Drone  
  28  2:49  Drone x2  
  31  2:55  Queen  
  33  3:01  Overlord  
  33  3:06  Drone x2  
  33  3:08  Drone  
  36  3:13  Overlord  
  36  3:20  Drone x2  
  36  3:21  Drone  
  39  3:28  Drone x3  
  39  3:34  Overlord  
  42  3:37  Queen  
  44  3:43  Drone  
  44  3:47  Drone, Baneling Nest, Overlord  
  45  3:51  Drone x2  
  47  3:56  Queen  
  47  3:59  Drone  
  50  4:05  Drone  
  50  4:06  Drone x3  
  50  4:09  Drone x2  
  56  4:11  Roach Warren  
  56  4:14  Drone  
  57  4:20  Drone x4  
  61  4:25  Drone  
  61  4:29  Drone x2, Overlord  
  64  4:33  Queen, Extractor  
  64  4:36  Zergling x2  
  66  4:41  Overlord x2  
  66  4:47  Lair  
  66  4:48  Drone  
  66  4:49  Drone x3  
  66  4:51  Drone x2  
  72  4:54  Zergling x2  
  72  4:57  Drone  
  74  5:00  Roach x3  
  74  5:04  Spore Crawler  
  74  5:06  Spore Crawler  
  78  5:08  Spore Crawler  
  78  5:10  Spore Crawler  
  78  5:11  Roach x2  
  80  5:14  Roach  
  80  5:15  Roach  
  80  5:19  Roach x2  
  88  5:23  Drone  
  88  5:24  Overlord  
  88  5:25  Drone  
  88  5:28  Extractor, Overlord  
  90  5:30  Extractor  
  89  5:35  Drone  
  80  5:51  Drone x2  
  80  5:54  Drone x10  
  86  6:00  Infestation Pit  
  86  6:03  Drone  
  86  6:09  Drone  
  86  6:10  Queen x3  
  93  6:13  Overlord  
  93  6:14  Drone x2  
  93  6:17  Extractor  
  94  6:19  Extractor  
  94  6:22  Drone x3  
  94  6:25  Overlord x2  
  96  6:28  Drone  
  97  6:33  Glial Reconstitution  
  97  6:35  Drone  
  98  6:40  Overlord  
  98  6:41  Drone  
  98  6:52  Drone x2  
  98  6:53  Drone x3  
  91  7:02  Drone  
  91  7:03  Drone x2  
  91  7:08  Queen x2  
  94  7:12  Swarm Host x3  
  107  7:21  Swarm Host x2  
  107  7:22  Swarm Host  
  116  7:28  Swarm Host  
  119  7:30  Pneumatized Carapace  
  119  7:32  Swarm Host x2  
  125  7:42  Swarm Host  
  125  7:44  Queen x2  
  124  7:58  Swarm Host  
  124  7:59  Swarm Host x2  
  129  8:13  Queen  
  129  8:14  Zergling x2  
  129  8:15  Zergling x14  
  129  8:16  Ravager  
  129  8:18  Overlord  
  129  8:19  Queen  
  136  8:23  Spire  
  137  8:30  Zergling x2  
  137  8:32  Overlord  
  138  8:36  Queen  
  138  8:37  Overlord  
  138  8:40  Overlord  
  135  8:48  Zergling x10  
  132  8:49  Queen  
  132  8:55  Queen  
  123  9:11  Queen  
  122  9:23  Drone x2  
  122  9:24  Queen  
  124  9:36  Corruptor x8  
  124  9:38  Swarm Host x2  
  139  9:41  Ravager x2  
  139  9:42  Ravager x4  
  147  9:48  Ravager x2  
  146  9:56  Zergling x10  
  146  9:57  Zergling x4  
  152  10:10  Zergling x2  
  152  10:11  Roach x4  
  156  10:25  Corruptor x3  
  154  10:34  Roach x4  
  156  10:39  Roach x2  
  156  10:42  Ravager x2  
  162  10:49  Roach  
  149  11:00  Corruptor x3  
  149  11:04  Corruptor x2  
  134  11:08  Roach x2  
  136  11:14  Corruptor  
  138  11:23  Corruptor  
  140  11:27  Drone x3  
  140  11:28  Corruptor  
  145  11:37  Roach x4  
  153  11:45  Corruptor  
  151  11:49  Roach x3  
  157  11:55  Corruptor  
  159  12:04  Overlord x2  
  157  12:11  Overlord  
  157  12:12  Overlord  
  157  12:28  Hatchery  
  157  12:29  Drone  
  157  12:31  Evolution Chamber, Zerg Flyer Weapons Level 1  
  157  12:35  Corruptor x2  
  160  12:40  Corruptor  
  162  12:49  Corruptor x2  
  166  12:55  Infestor  
  166  12:57  Infestor  
  166  13:11  Corruptor x2  
  166  13:12  Swarm Host  
  164  13:13  Swarm Host  
  164  13:16  Roach  
  164  13:19  Roach  
  174  13:25  Roach x2  
  178  13:32  Overlord  
  178  13:33  Overlord  
  178  13:36  Overlord  
  178  13:43  Overlord  
  178  13:50  Overlord  
  175  14:00  Hatchery  
  167  14:15  Drone x2  
  167  14:16  Drone x3  
  172  14:22  Roach  
  172  14:23  Roach x2  
  178  14:25  Ravager x2  
  174  14:33  Ravager x2  
  174  14:34  Ravager  
  174  14:35  Ravager x2  
  174  14:38  Ravager  
  180  14:40  Ravager  
  174  14:50  Zergling x8  

Tags
 
Add a new tag
Caveats
  • Supply blocks, unpowered buildings, or Contaminate may cause inaccurate times.
  • Supply counts are checked every 10 seconds.